 Dungeon Crawl Stone Soup version 0.28.0-53-g5a82cb258f (webtiles) character file.

Game seed: 16289480775045761661

6448 mortz the Carver (level 10, -10/86 HPs)
             Began as a Hill Orc Monk on Aug 21, 2022.
             Was a High Priest of Beogh.
             Mangled by an orc warlord
             ... wielding a +2 battleaxe of electrocution
              (14 damage)
             ... on level 9 of the Dungeon on Aug 22, 2022.
             The game lasted 01:05:24 (11547 turns).

mortz the Carver (Hill Orc Monk)                   Turns: 11547, Time: 01:05:24

Health: -10/86     AC: 13    Str: 19    XL:     10   Next: 99%
Magic:  0/15       EV: 12    Int: 13    God:    Beogh [*****.]
Gold:   525        SH:  0    Dex: 19    Spells: 9/9 levels left

rFire   + . .      SeeInvis .   a - +4 falchion (elec) {long}
rCold   + . .      Faith    .   (no shield)
rNeg    . . .      Spirit   +   B - +4 ring mail of Roug {Slay+2}
rPois   .          Reflect  .   v - +2 helmet {Int+3}
rElec   .          Harm     .   J - scarf {rC+ rF+}
rCorr   .          Rampage  .   (no gloves)
Will    .....                   (no boots)
Stlth   +.........              y - amulet of guardian spirit
HPRegen 0.24/turn               h - +6 ring of dexterity
MPRegen 0.14/turn               (no ring)

@: no status effects
A: walk on water
a: Renounce Religion, Smiting, Recall Orcish Followers, Give Item to Named
Follower


You were on level 9 of the Dungeon.
You worshipped Beogh.
Beogh was extremely pleased with you.
You visited 1 branch of the dungeon, and saw 9 of its levels.
You also visited: Sewer and Bailey.

You collected 525 gold pieces.


   Skills:
 + Level 7.0 Fighting
 * Level 11.6 Long Blades
 + Level 5.4 Throwing
 + Level 6.9 Armour
 + Level 3.0 Dodging
 - Level 1.5 Stealth
 + Level 4.0 Shields
 * Level 7.9 Invocations


You had 9 spell levels left.
You didn't know any spells.
Your spell library contained the following spells:

 Spells                   Type           Power      Damage    Failure   Level
 Sublimation of Blood     Necr           0%         N/A       58%         2
 Wereblood                Tmut           0%         N/A       58%         2
 Ozocubu's Armour         Ice            0%         N/A       83%         3
 Metabolic Englaciation   Hex/Ice        0%         N/A       100%        5
 Simulacrum               Ice/Necr       0%         N/A       100%        6
 Summon Hydra             Summ           0%         N/A       100%        7

Inventory:

Hand Weapons
 a - a +4 falchion of electrocution (weapon) {long}
   (You found it on level 2 of the Dungeon)
 c - a +0 rapier {short}
   (You found it on level 3 of the Dungeon)
 g - a +0 short sword {short}
   (You took it off a kobold on level 2 of the Dungeon)
 l - a +0 hand axe {axe}
   (You took it off an orc on level 2 of the Dungeon)
 m - a +0 falchion {long}
 n - a +0 trident {polearm}
   (You took it off an orc on level 2 of the Dungeon)
Missiles
 p - 19 poisoned darts (quivered) {throwing}
Armour
 b - a +1 chain mail
   (You found it on level 2 of the Dungeon)
 e - a +0 robe of the Archmagi
   (You took it off Jessica on level 3 of the Dungeon)
 v - a +2 helmet of intelligence (worn)
   (You took it off Robin on level 3 of the Dungeon)
 B - the +4 ring mail of Roug (worn) {Slay+2}
   (You found it on level 8 of the Dungeon)

   Slay:      It affects your accuracy & damage with ranged weapons and melee
   (+2).
 D - a +2 robe of fire resistance
   (You took it off Pikel on level 5 of the Dungeon)
 F - a +2 robe of positive energy
   (You took it off Sigmund on level 5 of the Dungeon)
 J - a scarf of resistance (worn)
   (You found it on level 9 of the Dungeon)
 K - a +1 leather armour of cold resistance
   (You took it off an orc priest on level 7 of the Dungeon)
 L - a +0 plate armour
   (You took it off an orc knight in a bailey)
 Q - a +0 chain mail
   (You found it in a bailey)
Jewellery
 d - an amulet of reflection
   (You found it on level 1 of the Dungeon)
 h - a +6 ring of dexterity (left hand)
   (You found it on level 2 of the Dungeon)
 y - an amulet of guardian spirit (around neck)
   (You found it on level 8 of the Dungeon)
Wands
 A - a wand of mindburst (20)
   (You found it on level 8 of the Dungeon)
 E - a wand of acid (7)
   (You took it off Pikel on level 5 of the Dungeon)
 G - a wand of flame (15)
   (You found it on level 6 of the Dungeon)
Scrolls
 f - 3 scrolls of vulnerability {!r!r}
 j - 2 scrolls of enchant armour
 x - 5 scrolls of teleportation {@r4}
 C - a scroll of identify {@r1}
 I - a scroll of fear
 M - a scroll of fog
 O - 3 scrolls of enchant weapon {unknown}
 P - a scroll of magic mapping {!r}
Potions
 i - 5 potions of haste {@q3}
 k - a potion of flight
 o - 2 potions of curing {@q1}
 q - 5 potions of invisibility
 r - 2 potions of mutation {!q}
 s - 2 potions of magic
 t - 3 potions of might
 u - 2 potions of heal wounds {unknown}
 w - a potion of resistance {unknown}
 z - a potion of cancellation {unknown}
 H - a potion of lignification {unknown}
 N - a potion of experience {unknown}

Dungeon Overview and Level Annotations

Branches:
Dungeon (9/15)             Temple (0/1) D:5            Lair (0/6) D:8
  Sewer (visited)          Bailey (visited)
    Orc: D:9-12

Altars:
Elyvilon
Gozag
Hepliaklqana
Nemelex Xobeh
Qazlal
Ru

Annotations:
D:5 3 runed translucent doors, Valamore's ghost, amateur MiGl
D:8 3 runed translucent doors, Diggabert's ghost, novice KoGl; Jingleheimer's ghost, novice DsFi; tizbic2's ghost, novice NaBe

)# #.#
####...###############..# ?#
#...........................#
## ........................)#
...
####.......<.........).))#
##.. #..##################.#
#..######## #.# #..##.....#
#.# #..#...)..# #.#
#..#..o@).## #(#
##.$#.o)o...##########.#
#......................#
#..................))).#
#+..###################.#
#...# #.# #...# #.# #...# #.#
#...# #o#


You could see an orc warlord (strong, ally target), a friendly orc warrior and a
friendly orc wizard.


Message History

Your orc warrior hits the goblin with a +0 war axe.
Your orc warrior closely misses the hobgoblin.
Your orc warrior barely misses the hobgoblin.
The hobgoblin hits your orc warrior with a +0 hand axe!
Your orc warrior barely misses the orc knight.
Your orc warrior hits the hobgoblin with a +0 war axe.
Your orc warrior hits the orc warlord but does no damage.
The hobgoblin hits your orc warrior with a +0 hand axe. 😕 HP[+1]
Your orc warrior misses the orc warlord.
Your orc warrior barely misses the hobgoblin.
Your orc warrior closely misses the orc knight.
The orc warlord hits your orc warrior with a +2 battleaxe of electrocution!!!
Your orc warrior dies!
You begin recalling your allies.
Your orc warrior is recalled.
You finish recalling your allies. 😕 MP[-2]
You lost 2 mp, and now have 13/15 mp.
The orc warlord hits your orc warrior with a +2 battleaxe of electrocution!!
Your orc warrior dies!
You hear a shout! 😕 HP[+1]
The orc warlord roars a battlecry!
Things that are here:
a +0 war axe {axe}; an orc corpse The orc knight no longer looks unusually strong.
The orc warlord roars a battlecry!
The orc knight goes into a battle-frenzy!
Items here: ))) [[[ ††. 😕 MP[+1]
There is an open door here. 😎 HP[+1]
Your hp is fully restored (86).
There is a fountain of clear blue water here.
The orc warlord no longer looks unusually strong.
The orc knight roars a battlecry!
The orc warlord goes into a battle-frenzy! 😎 MP[+1]
Your mp is fully restored (15).
The orc warlord roars a battlecry!
The orc knight goes into a battle-frenzy!
There is an open door here.
The orc warlord roars a battlecry!
The orc warrior goes into a battle-frenzy!
The orc warlord no longer looks unusually strong.
Things that are here:
a +0 leather armour; a +0 hand axe {axe}
There is an open door here.
Aiming: Mindburst
Press: ? - help, Q - select action, (/) - cycle Shift-Dir - straight line, f - orc warlord
Aim: an orc warlord, wielding a +2 battleaxe of electrocution and wearing a +0 chain mail (chance to affect: 29%)
The orc warlord easily resists.
Aiming: Mindburst
Press: ? - help, Q - select action, (/) - cycle Shift-Dir - straight line, f/p - orc warlord
Aim: an orc warlord, wielding a +2 battleaxe of electrocution and wearing a +0 chain mail (chance to affect: 29%)
The orc warlord easily resists.
The orc knight no longer looks unusually strong.
The orc warlord roars a battlecry!
The orc knight goes into a battle-frenzy!
Aiming: Corrosive Bolt
Press: ? - help, Q - select action, (/) - cycle Shift-Dir - straight line, f/p - orc warlord
Aim: an orc warlord, wielding a +2 battleaxe of electrocution and wearing a +0 chain mail (79% to hit)
The bolt of acid hits the orc warlord!
The orc knight roars a battlecry!
The orc warlord goes into a battle-frenzy!
Aiming: Corrosive Bolt
Press: ? - help, Q - select action, (/) - cycle Shift-Dir - straight line, f/p - orc warlord
Aim: an orc warlord, wielding a +2 battleaxe of electrocution and wearing a +0 chain mail (lightly wounded, strong, 79% to hit)
The bolt of acid hits the orc warlord!
The orc knight no longer looks unusually strong.
The orc knight roars a battlecry!
The orc knight goes into a battle-frenzy!
Things that are here:
a +0 leather armour; a +0 hand axe {axe}; an orc skeleton
There is an open gate here.
There is a gate leading back out of this place here.
The orc warlord hits you with a +2 battleaxe of electrocution!
Welcome back to the Dungeon!
There is an empty arch of ancient stone here. 😕 HP[-13] MP[-3]
You take 13 damage, and now have 73/86 hp.
You lost 3 mp, and now have 12/15 mp.
You barely miss the orc warlord.
You punch the orc warlord, but do no damage.
The orc warlord hits you with a +2 battleaxe of electrocution!!!
* * * LOW HITPOINT WARNING * * *
The orc warlord barely misses your orc wizard.
The orc warlord hits your orc with a +2 battleaxe of electrocution!!
Your orc dies! 😨 HP[-33] MP[-5]
You take 33 damage, and now have 40/86 hp.
MASSIVE DAMAGE!! (PAUSE)
You lost 5 mp, and now have 7/15 mp.
You barely miss the orc warlord.
Your orc wizard hits the orc warlord but does no damage.
The orc warlord hits you with a +2 battleaxe of electrocution!!!
* * * LOW HITPOINT WARNING * * *
You are electrocuted!
You die...

Skill      XL: |  1  2  3  4  5  6  7  8  9 10 |
---------------+-------------------------------+-----
Long Blades    | 4 5 6 8 10 11 | 11.6
Fighting       | 4 5 6 7 |  7.0
Armour         | 1 2 3 4 6 |  6.9
Shields        | 1 3 4 |  4.0
Invocations    | 2 4 5 7 |  7.9
Throwing       | 3 4 5 |  5.4
Dodging        | 3 |  3.0
Stealth        | |  1.5

Action                   |  1- 3 |  4- 6 |  7- 9 | 10-12 || total
-------------------------+-------+-------+-------+-------++-------
Melee: Falchion          |   122 |   227 |   187 |   174 ||   710
       Punch             |     1 |     3 |     4 |     8 ||    16
Throw: Stone             |       |    31 |       |       ||    31
       Dart              |       |    42 |    95 |    37 ||   174
Invok: Convert to Beogh  |     1 |       |       |       ||     1
       Recall Orcish Fol |       |       |     2 |     2 ||     4
Evoke: Wand              |       |       |       |     5 ||     5
  Use: Potion            |       |     1 |     1 |       ||     2
       Scroll            |       |     6 |     5 |     6 ||    17
 Stab: Sleeping          |     3 |       |       |       ||     3
       Distracted        |       |       |     1 |       ||     1
Armor: Robe              |    15 |       |       |       ||    15
       Chain mail        |    31 |   173 |    80 |    36 ||   320
       Leather armour    |     2 |       |       |       ||     2
       Ring mail         |       |       |       |    21 ||    21
Dodge: Dodged            |    74 |   110 |    64 |    73 ||   321
Block: Other             |    22 |    77 |    52 |    21 ||   172
       Reflection        |     1 |     3 |     1 |     4 ||     9

Levels and vault maps discovered:
D:1:      minmay_arrival_solitary_statue, layout_loops_ring,
          shapermc_ecumenical_altar_ellora, minmay_statues_item,
          minmay_misc_feat_doors, roderic_roman_lattice
D:2:      layout_basic, amcnicky_mini_rare_corridor_liquid
D:3:      layout_rooms, gup_sewer_entry_glass, minmay_fractal_squares_5,
          uniq_jessica, uniq_robin
D:4:      layout_cave_pools, uniq_duvessa
D:5:      layout_loops_ring, minmay_temple_entry_tees,
          gammafunk_ghost_nasty_kobolds, kennysheep_big_empty_room,
          minmay_divided_ellipse
D:6:      lemuel_ice_spiral_2, layout_basic, gammafunk_temple_overflow_elements,
          mainiacjoe_overflow_catwalk_spiral,
          chequers_temple_overflow_statue_of_worship,
          nicolae_figureground_pulse, uniq_menkaure, uniq_pikel,
          uniq_prince_ribbit1, uniq_sigmund
D:7:      layout_basic, corexii_checkpoint_a, uniq_maggie
D:8:      layout_basic, lair_entry_dummy, gammafunk_ghost_cemetery
D:9:      layout_long_grid, enter_bailey_2, serial_rivers,
          chequers_serial_rivers_room_b, chequers_serial_rivers_micro_d,
          chequers_serial_rivers_room_a, chequers_serial_rivers_micro_d,
          onia_ninara_dug_in_and_dangerous

Notes
Turn   | Place    | Note
-------+----------+-------------------------------------------
     0 | D:1      | mortz the Hill Orc Monk began the quest for the Orb.
     0 | D:1      | Reached XP level 1. HP: 19/19 MP: 1/1
     0 | D:1      | magus.rc [v1.9.6]
   353 | D:1      | Reached XP level 2. HP: 27/27 MP: 2/2
   487 | D:1      | Found a faded altar of an unknown god.
   958 | D:1      | Reached skill level 4 in Long Blades
   958 | D:1      | Reached XP level 3. HP: 28/33 MP: 3/3
  1047 | D:1      | Reached skill level 4 in Fighting
  1160 | D:1      | You pick up a book of Winter and begin reading...
  1160 | D:1      | You add the spells Ozocubu's Armour, Metabolic Englaciation
                  | and Simulacrum to your library.
  1342 | D:2      | You pick up a book of Blood and begin reading...
  1342 | D:2      | You add the spells Sublimation of Blood, Wereblood and
                  | Summon Hydra to your library.
  1365 | D:2      | Became a worshipper of Beogh the Brigand
  1365 | D:2      | Reached * piety under Beogh
  1365 | D:2      | Reached ** piety under Beogh
  1390 | D:1      | Reached XP level 4. HP: 40/40 MP: 4/4
  1940 | D:2      | Reached skill level 1 in Armour
  1943 | D:2      | HP: 5/41 [gnoll/+0 spear (7)]
  2322 | D:2      | Reached XP level 5. HP: 29/47 MP: 5/5
  2612 | D:3      | Identified a +0 robe of the Archmagi
  2612 | D:3      | Noticed Jessica
  2737 | D:3      | Reached skill level 5 in Long Blades
  3008 | D:3      | Found a glowing drain.
  3017 | D:3      | Reached skill level 2 in Armour
  3023 | Sewer    | Entered a sewer
  3049 | Sewer    | Noticed a kobold brigand
  3087 | Sewer    | Killed a kobold brigand
  3088 | Sewer    | Reached skill level 1 in Shields
  3088 | Sewer    | Reached XP level 6. HP: 40/55 MP: 6/6
  3249 | Sewer    | Reached *** piety under Beogh
  3264 | Sewer    | Reached skill level 5 in Fighting
  3598 | D:3      | Reached skill level 6 in Long Blades
  3663 | D:3      | Noticed Robin
  3672 | D:3      | Killed Robin
  3830 | D:3      | Killed Jessica
  3831 | D:3      | Reached skill level 3 in Armour
  3913 | D:3      | Reached XP level 7. HP: 61/61 MP: 7/7
  3929 | D:3      | Reached skill level 1 in Invocations
  4268 | D:4      | Reached skill level 1 in Throwing
  4424 | D:4      | Reached skill level 2 in Throwing
  4478 | D:4      | Noticed a steam dragon
  4480 | D:4      | Reached **** piety under Beogh
  4491 | D:4      | Killed a steam dragon
  4492 | D:4      | Reached skill level 2 in Invocations
  4775 | D:4      | Noticed Duvessa
  4777 | D:4      | Noticed Dowan
  4970 | D:4      | Killed Duvessa
  4971 | D:4      | Reached skill level 3 in Throwing
  4979 | D:4      | HP: 12/61 [Dowan/shard of ice (26)]
  4980 | D:4      | Killed Dowan
  4981 | D:4      | Reached XP level 8. HP: 14/68 MP: 9/9
  5427 | D:5      | Entered Level 5 of the Dungeon
  5428 | D:5      | Found a staircase to the Ecumenical Temple.
  5565 | D:5      | Reached skill level 7 in Long Blades
  5627 | D:5      | Noticed a yak
  5652 | D:5      | Killed a yak
  5653 | D:5      | Reached skill level 3 in Invocations
  5663 | D:5      | Reached skill level 2 in Shields
  5951 | D:5      | Reached skill level 4 in Armour
  6008 | D:5      | Reached skill level 8 in Long Blades
  6008 | D:5      | Reached skill level 4 in Invocations
  6298 | D:5      | Reached skill level 3 in Shields
  6298 | D:5      | Reached XP level 9. HP: 75/75 MP: 12/12
  6435 | D:5      | Found a runed translucent gate.
  6435 | D:5      | Found a runed translucent gate.
  6435 | D:5      | Found a runed translucent gate.
  6436 | D:5      | Noticed Valamore's ghost (amateur MiGl)
  6572 | D:5      | Reached skill level 4 in Throwing
  6786 | D:6      | Noticed Sigmund
  6786 | D:6      | Noticed a two-headed ogre
  6786 | D:6      | Found a white marble altar of Elyvilon.
  6803 | D:6      | Noticed Prince Ribbit
  6803 | D:6      | Noticed a cyclops
  6845 | D:6      | Noticed Pikel
  6845 | D:6      | Found a sparkling altar of Nemelex Xobeh.
  7102 | D:5      | HP: 8/75 [two-headed ogre/+0 giant spiked club (11)]
  7715 | D:5      | magus.rc [v1.9.6]
  7730 | D:5      | Killed Pikel
  7731 | D:5      | Reached skill level 6 in Fighting
  7731 | D:5      | Reached skill level 9 in Long Blades
  7737 | D:5      | HP: 10/75 [two-headed ogre/+0 giant spiked club (16)]
  7751 | D:5      | Killed a two-headed ogre
  7752 | D:5      | Reached skill level 5 in Armour
  7752 | D:5      | Reached skill level 5 in Invocations
  8126 | D:5      | Killed Sigmund
  8127 | D:5      | Reached skill level 10 in Long Blades
  8127 | D:5      | Reached skill level 3 in Dodging
  8398 | D:6      | Found a hazy altar of Hepliaklqana.
  8549 | D:6      | Killed a cyclops
  8550 | D:6      | Reached skill level 6 in Armour
  8550 | D:6      | Reached XP level 10. HP: 49/84 MP: 14/14
  8663 | D:6      | Killed Prince Ribbit
  8664 | D:6      | Reached skill level 6 in Invocations
  8869 | D:6      | Found an opulent altar of Gozag.
  8869 | D:6      | Found a sacrificial altar of Ru.
  8951 | D:6      | Found a stormy altar of Qazlal.
  8962 | D:6      | Noticed Menkaure
  8987 | D:6      | Killed Menkaure
  9106 | D:7      | Noticed Maggie
  9117 | D:7      | Killed Maggie
  9118 | D:7      | Reached skill level 5 in Throwing
 10009 | D:7      | Reached skill level 11 in Long Blades
 10388 | D:8      | magus.rc [v1.9.6]
 10463 | D:8      | Found a staircase to the Lair.
 10528 | D:8      | Found a runed translucent gate.
 10529 | D:8      | Found a runed translucent gate.
 10529 | D:8      | Found a runed translucent gate.
 10530 | D:8      | Noticed tizbic2's ghost (novice NaBe)
 10530 | D:8      | Noticed Diggabert's ghost (novice KoGl)
 10530 | D:8      | Noticed Jingleheimer's ghost (novice DsFi)
 10601 | D:8      | Identified the +4 ring mail of Roug {Slay+2}
 10823 | D:9      | Reached skill level 7 in Invocations
 10907 | D:9      | Noticed a manticore
 10907 | D:9      | a komodo dragon changed into a manticore
 11014 | D:9      | Noticed a kobold demonologist
 11033 | D:9      | Killed a kobold demonologist
 11037 | D:9      | Reached skill level 7 in Fighting
 11201 | D:9      | Found a flagged portal.
 11211 | Bailey   | Entered a bailey
 11263 | Bailey   | Reached ***** piety under Beogh
 11269 | Bailey   | Reached skill level 4 in Shields
 11336 | Bailey   | Noticed an orc knight
 11347 | Bailey   | Killed an orc knight
 11489 | Bailey   | Noticed an orc warlord
 11490 | Bailey   | Noticed an orc knight
 11490 | Bailey   | Noticed an orc knight
 11494 | Bailey   | magus.rc [v1.9.6]
 11547 | D:9      | HP: 4/86 [orc warlord/+2 battleaxe of electrocution (36)]
 11547 | D:9      | Mangled by an orc warlord

Vanquished Creatures
  A two-headed ogre (D:5)
  Pikel (D:5)
  A cyclops (D:6)
  Maggie (D:7)
  A kobold demonologist (D:9)
  Prince Ribbit (D:6)
  Sigmund (D:5)
  2 yaks
  2 steam dragons
  Menkaure (D:6)
  A water moccasin (D:5)
  Duvessa (D:4)
  4 orc warriors
  3 ice beasts
  2 sky beasts
  2 ogres (D:5)
  3 centaurs
  A lemure (D:4)
  3 kobold brigands
  A phantom (D:4)
  3 bullfrogs
  A water moccasin skeleton (D:5)
  Dowan (D:4)
  2 wights (D:9)
  A centaur zombie (D:5)
  2 jellies
  A centaur skeleton (D:6)
  2 bullfrog skeletons
  A bullfrog zombie (D:5)
  2 hounds (D:5)
  2 orc priests (D:7)
  Jessica (D:3)
  4 iguanas
  An orc wizard (D:5)
  2 howler monkey zombies
  Robin (D:3)
  6 gnolls
  11 adders
  2 shadow imps
  A white imp (D:6)
  An ufetubus (D:5)
  2 dart slugs (D:2)
  12 orcs
  4 endoplasms
  9 giant cockroaches
  15 goblins
  12 hobgoblins
  9 jackals
  5 quokkas
  13 ball pythons
  14 bats
  4 frilled lizards
  26 kobolds
  8 rats
214 creatures vanquished.

Vanquished Creatures (collateral kills)
  An orc knight (Bailey)
  2 yaks (D:9)
  A killer bee (D:5)
  A wight (D:9)
  An orc priest (D:5)
  An orc wizard (D:7)
  A scorpion zombie (D:5)
  3 gnolls
  4 orcs
  2 goblins (Bailey)
  A hobgoblin (Bailey)
  A kobold (D:7)
  A quokka (D:5)
20 creatures vanquished.

Vanquished Creatures (others)
  6 orc warriors
  A kobold brigand (D:7)
  4 orc wizards
  A gnoll (D:2)
  22 orcs
  A jackal (D:2)
  2 kobolds (D:7)
  2 plants (Sewer)
39 creatures vanquished.

Grand Total: 273 creatures vanquished

Table legend:
 A = Non-vault XP
 B = Vault XP
 C = Vault XP percentage of total XP
 D = Non-vault monster count
 E = Vault monster count
 F = Vault count percentage of total count
                 A         B        C        D         E       F
            +---------+---------+-------+---------+---------+-------
      Total |    5538 |    3674 |  39.9 |     149 |      85 |  36.3
            +---------+---------+-------+---------+---------+-------
        D:1 |      60 |       0 |   0.0 |      28 |       0 |   0.0
        D:2 |     155 |       2 |   1.3 |      36 |       1 |   2.7
        D:3 |      35 |     155 |  81.6 |      13 |      27 |  67.5
        D:4 |     345 |     213 |  38.2 |       8 |       2 |  20.0
        D:5 |    1649 |    1528 |  48.1 |      22 |      13 |  37.1
        D:6 |    1036 |     443 |  30.0 |      11 |       2 |  15.4
        D:7 |     581 |     399 |  40.7 |      14 |       2 |  12.5
        D:8 |     294 |       0 |   0.0 |       5 |       0 |   0.0
        D:9 |    1383 |       0 |   0.0 |      12 |       0 |   0.0
      Sewer |       0 |     235 | 100.0 |       0 |      22 | 100.0
     Bailey |       0 |     699 | 100.0 |       0 |      16 | 100.0
            +---------+---------+-------+---------+---------+-------

Illustrated notes

Table legend:
 A = Kills in this place as a percentage of kills in entire the game.
 B = Kills by you in this place as a percentage of kills by you in the entire game.
 C = Kills by friends in this place as a percentage of kills by friends in the entire game.
 D = Other kills in this place as a percentage of other kills in the entire game.
 E = Experience gained in this place as a percentage of experience gained in the entire game.
 F = Experience gained in this place divided by the number of levels of this place that you have seen.
                   A       B       C       D       E      F
               +-------+-------+-------+-------+-------+----------------------
         Total | 100.0 | 100.0 | 100.0 | 100.0 | 100.0 | 837.5
       Dungeon |  83.8 |  85.4 |  65.0 | 100.0 |  89.9 | 919.8
         Sewer |   9.4 |  10.3 |   0.0 |   0.0 |   2.6 | 235.0
        Bailey |   6.8 |   4.2 |  35.0 |   0.0 |   7.6 | 699.0
               +-------+-------+-------+-------+-------+----------------------

Table legend: (Time is in decaauts)
 A = Elapsed time spent in this place.
 B = Non-inter-level travel time spent in this place.
 C = Inter-level travel time spent in this place.
 D = Time resting spent in this place.
 E = Time spent auto-exploring this place.
 F = Levels seen in this place.
 G = Mean time per level.
                   A        B        C        D        E       F      G
               +--------+--------+--------+--------+--------+-----+--------+
         Total |  11515 |  11031 |    484 |    193 |   8306 |  11 | 1046.8 |
       Dungeon |  10586 |  10102 |    484 |    160 |   7763 |   9 | 1176.2 |
         Sewer |    606 |    606 |      0 |      0 |    414 |   1 |  606.0 |
        Bailey |    322 |    322 |      0 |     33 |    129 |   1 |  322.0 |
               +--------+--------+--------+--------+--------+-----+--------+

Top non-repeatable levels by time:
     D:5: 2293 daAuts
     D:1: 1509 daAuts
     D:2: 1396 daAuts
     D:4: 1211 daAuts
     D:3: 1153 daAuts
     D:7: 1133 daAuts
     D:6: 920 daAuts
   Sewer: 606 daAuts
     D:8: 572 daAuts
     D:9: 396 daAuts
  Bailey: 322 daAuts
